 Dungeon Crawl Stone Soup version 0.14-a0-1765-g49ce880 (webtiles) character file.

1739 Bastard the Carver (level 8, 0/64 HPs)
             Began as a Minotaur Chaos Knight on Jan 5, 2014.
             Was a Plaything of Xom.
             Killed from afar by an orc wizard (4 damage)
             ... with a magic dart
             ... on Level 6 of the Dungeon.
             The game lasted 00:10:53 (4362 turns).

Bastard the Carver (Minotaur Chaos Knight)          Turns: 4362, Time: 00:10:54

HP   0/64        AC  9     Str 20      XL: 8   Next: 50%
MP   3/3         EV 11     Int  9      God: Xom
Gold 259         SH  0     Dex 12      Spells:  0 memorised,  7 levels left

rFire  . . .     SeeInvis .     a - +1,+0 falchion (chaos)
rCold  . . .     Clarity  .     b - +2 leather armour
rNeg   . . .     Conserve .     (no shield)
rPois  .         rCorr    .     (helmet restricted)
rElec  .         rRot     .     (no cloak)
SustAb . .       Spirit   .     h - +2 pair of gloves
rMut   .         Warding  .     m - +0 pair of boots
Saprov . . .     Stasis   .     p - amulet of rage
                                (no ring)
                                g - cursed +3 ring of strength

@: slightly resistant to hostile enchantments, very unstealthy
A: retaliatory headbutt, horns 2
a: Renounce Religion, Evoke Berserk Rage


You were on level 6 of the Dungeon.
You worshipped Xom.
You were a very special plaything of Xom.
You were hungry.

You visited 1 branch of the dungeon, and saw 6 of its levels.

You collected 259 gold pieces.

Inventory:

Hand weapons
 a - a +1,+0 falchion of chaos (weapon)
Armour
 b - a +2 leather armour (worn)
 h - a +2 pair of gloves (worn)
 m - a +0 pair of boots (worn)
Magical devices
 l - a wand of disintegration (11)
 o - a wand of enslavement (9)
 q - a wand of flame (13)
 s - a wand of digging (7)
Comestibles
 c - 7 bread rations
 k - a meat ration
 u - a chunk of goblin flesh
Scrolls
 d - 4 scrolls of enchant armour
 t - a scroll of teleportation
 v - a scroll of identify
Jewellery
 g - a cursed +3 ring of strength (left hand)
 p - an amulet of rage (around neck)
Potions
 e - 2 potions of heal wounds
 i - a potion of resistance
 j - a potion of flight
 n - a potion of curing
 r - a potion of degeneration
 w - a potion of might {unknown}
Books
 f - a book of the Earth

   Spells                             Type                      Level
   Dig                                Earth                        4
   Leda's Liquefaction                Hexes/Earth                  4
   Bolt of Magma                      Conjuration/Fire/Earth       5
   Statue Form                        Transmutation/Earth          6
   Iron Shot                          Conjuration/Earth            6
   Shatter                            Earth                        9


   Skills:
 - Level 3.6 Fighting
 + Level 12.7 Long Blades
 - Level 2.4 Armour
 - Level 1.1 Dodging


You had 7 spell levels left.
You didn't know any spells.

Dungeon Overview and Level Annotations

Branches:
Dungeon (6/16)
 Temple: D:4-7

Altars:
Fedhas
Nemelex Xobeh
Trog
Xom
Yredelemnul


Innate Abilities, Weirdness & Mutations

You reflexively headbutt those who attack you in melee.
You have a pair of horns on your head.


Message History

You are too injured to fight recklessly!
You are too injured to fight recklessly!
You are too injured to fight recklessly!
You are too injured to fight recklessly!
You are too injured to fight recklessly!
You are too injured to fight recklessly!
You are too injured to fight recklessly!
Unknown command.
You closely miss the orc warrior.
The orc warrior is severely wounded.
The orc wizard hits you but does no damage.
You closely miss the orc warrior.
The orc warrior is severely wounded.
Your club hits the orc warrior!
The orc warrior hits you with a glowing orcish long sword!
* * * LOW HITPOINT WARNING * * *
The orc wizard casts a spell at you. The magic dart hits you!
You die... "What!?
That's it?"

.. ... o
###################....
.#.......#..#.#.#.......
........................
........................
g
................oo.......
................@(.......
......................?..
....().........?........
...(....................
.(.....................#
((#.....[......##......
#.##.....#...### .....
############## ####


You could see an orc warrior, an orc wizard and a friendly club.

Vanquished Creatures
  Grinder (D:4)
  Eustachio (D:4)
  The ghost of acidapple the Spear-Bearer, an average MfGl (D:4)
  Menkaure (D:5)
  A phantom (D:4)
  2 centaurs
  3 crimson imps
  3 orc priests
  A giant frog zombie (D:5)
  An orc wizard (D:4)
  An iron imp (D:3)
  A water moccasin skeleton (D:6)
  3 worker ants
  An ogre zombie (D:6)
  11 adders
  A giant centipede (D:3)
  3 gnolls (D:2)
  2 lemures (D:4)
  A shadow imp (D:4)
  6 worms
  A giant eyeball (D:4)
  An ooze (D:2)
  9 orcs
  5 giant cockroaches
  8 goblins
  16 hobgoblins
  6 jackals (D:3)
  10 kobolds
  8 bats
  4 giant geckos
  2 giant newts (D:2)
  A goblin skeleton (D:5)
  An orc skeleton (D:4)
  3 quokkas
  7 rats
  2 butterflies (D:3)
129 creatures vanquished.

Vanquished Creatures (others)
  Blork the orc (D:4)
1 creature vanquished.

Grand Total: 130 creatures vanquished

Notes
Turn   | Place    | Note
--------------------------------------------------------------
     0 | D:1      | Bastard, the Minotaur Chaos Knight, began the quest for the Orb.
     0 | D:1      | Reached XP level 1. HP: 19/19 MP: 1/1
    15 | D:1      | XOM: potion effect (invisibility)
    63 | D:1      | XOM: silly message
    69 | D:1      | Reached skill level 4 in Long Blades
    75 | D:1      | Reached XP level 2. HP: 13/26 MP: 1/1
   305 | D:1      | Reached skill level 5 in Long Blades
   519 | D:2      | Reached XP level 3. HP: 31/31 MP: 2/2
   605 | D:2      | XOM: silly message
  1095 | D:2      | Reached skill level 6 in Long Blades
  1095 | D:2      | Reached XP level 4. HP: 30/39 MP: 2/2
  1132 | D:2      | XOM: silly message
  1421 | D:2      | Found a bloodstained altar of Trog.
  1445 | D:2      | Reached XP level 5. HP: 38/45 MP: 2/2
  1451 | D:2      | Reached skill level 7 in Long Blades
  1498 | D:2      | XOM: god gift: oily blue potion
  1546 | D:2      | XOM: mild Divn miscast
  1598 | D:3      | XOM: polymorph hobgoblin -> giant cockroach
  1768 | D:3      | XOM: potion effect (invisibility)
  1825 | D:3      | XOM: medium Chrm miscast
  1832 | D:3      | XOM: cast spell 'Dragon Form'
  1867 | D:3      | Reached skill level 8 in Long Blades
  1970 | D:3      | Found a sparkling altar of Nemelex Xobeh.
  2018 | D:3      | Found a blossoming altar of Fedhas.
  2037 | D:3      | Noticed a centaur
  2039 | D:3      | XOM: summons friendly shadow imp
  2040 | D:3      | XOM: confuse monster(s)
  2053 | D:3      | Killed a centaur
  2053 | D:3      | Reached XP level 6. HP: 47/51 MP: 3/3
  2081 | D:3      | XOM: mild Summ miscast
  2096 | D:3      | XOM: polymorph goblin -> giant centipede
  2174 | D:3      | XOM: colour smoke trail
  2305 | D:4      | Killed Blork the orc
  2326 | D:4      | Paralysed by a giant eyeball for 2 turns
  2374 | D:4      | XOM: summons 2 hostile demons
  2381 | D:4      | XOM: colour smoke trail
  2443 | D:4      | Noticed Grinder
  2443 | D:4      | XOM: enchant monster (good)
  2454 | D:4      | XOM: harmless Necr miscast
  2459 | D:4      | Killed Grinder
  2459 | D:4      | Reached skill level 9 in Long Blades
  2459 | D:4      | Reached XP level 7. HP: 46/57 MP: 3/3
  2480 | D:4      | Reached skill level 10 in Long Blades
  2528 | D:4      | XOM: god gift: 44 gold pieces
  2635 | D:4      | Found a shimmering altar of Xom.
  2813 | D:4      | Noticed Eustachio
  2815 | D:4      | XOM: divination: detect items
  2851 | D:4      | Killed Eustachio
  2851 | D:4      | Reached skill level 11 in Long Blades
  2868 | D:4      | HP: 3/85 [poisoned by Eustachio]
  3088 | D:4      | Noticed acidapple's ghost (average MfGl)
  3100 | D:4      | Killed acidapple's ghost
  3100 | D:4      | Reached XP level 8. HP: 50/64 MP: 3/3
  3142 | D:4      | Found a sparkling altar of Nemelex Xobeh.
  3155 | D:4      | XOM: scenery: 3 doors close
  3389 | D:5      | Entered Level 5 of the Dungeon
  3395 | D:5      | XOM: give mutations
  3395 | D:5      | Gained mutation: Your vision is a little blurry. [Xom's mischief]
  3395 | D:5      | Lost mutation: Your vision is a little blurry. [Xom's mischief]
  3483 | D:5      | Noticed Menkaure
  3488 | D:5      | Killed Menkaure
  3488 | D:5      | Reached skill level 12 in Long Blades
  3505 | D:5      | XOM: mild Hex miscast
  3541 | D:5      | XOM: harmless Conj miscast
  3746 | D:5      | Found a basalt altar of Yredelemnul.
  4255 | D:6      | XOM: mild Fire miscast
  4301 | D:6      | XOM: divination: detect creatures
  4362 | D:6      | Killed from afar by an orc wizard

Action                   |  1- 3 |  4- 6 |  7- 9 || total
-------------------------+-------+-------+-------++-------
Melee: Falchion          |    73 |   145 |   162 ||   380
       Unarmed           |       |     4 |       ||     4
Evoke: Wand              |       |     1 |     1 ||     2
  Use: Scroll            |       |    10 |     6 ||    16
       Potion            |       |     2 |     2 ||     4
 Stab: Invisible         |     1 |     2 |       ||     3
       Petrifying        |     1 |       |       ||     1
       Paralysed         |       |     3 |     8 ||    11
       Confused          |       |     2 |       ||     2
       Sleeping          |       |     1 |       ||     1
